 Dungeon Crawl Stone Soup version 0.26-a0-1126-g3318b609a0 (webtiles) character file.

Game seed: 8560258494405817486

150 robertstho the Chiller (level 4, -5/34 HPs)
             Began as a Demigod Ice Elementalist on Dec 17, 2020.
             Splashed by Ijyb's acid (10 damage)
             ... on level 3 of the Dungeon.
             The game lasted 00:04:51 (2913 turns).

robertstho the Chiller (Demigod Ice Elementalist)   Turns: 2913, Time: 00:04:52

Health: -5/34      AC:  4    Str: 11    XL:     4   Next: 84%
Magic:  7/10       EV: 12    Int: 21    God:
Gold:   86         SH:  0    Dex: 16    Spells: 3/7 levels left

rFire    + . .     SeeInvis .   h - +1 hunting sling (freeze)
rCold    + . .     Faith    .   (no shield)
rNeg     . . .     Spirit   .   a - +0 robe
rPois    .         Reflect  .   i - +1 helmet (curse)
rElec    .         Harm     .   (no cloak)
rCorr    .         Rampage  .   (no gloves)
Will     .....                  (no boots)
Stlth    ++........             (no amulet)
HPRegen  0.11/turn              j - ring of protection from cold
MPRegen  0.12/turn              o - ring of protection from fire

@: frozen ramparts
A: high mp 1
a: no special abilities


You were on level 3 of the Dungeon.
You visited 1 branch of the dungeon, and saw 3 of its levels.

You collected 86 gold pieces.

Inventory:

Hand Weapons
 h - a +1 hunting sling of freezing (weapon)
 u - a +1 vampiric spear
Missiles
 b - 18 stones (quivered ammo)
 k - 44 poisoned darts
Armour
 a - a +0 robe (worn)
 i - a cursed +1 helmet (worn)
Jewellery
 j - a ring of protection from cold (left hand)
 o - a ring of protection from fire (right hand)
Scrolls
 c - a scroll of teleportation {unknown}
 d - a scroll of identify {unknown}
 e - a scroll of enchant weapon
 m - a scroll of noise {unknown}
 p - 2 scrolls of enchant armour
 t - a scroll of remove curse {unknown}
Potions
 g - 2 potions of curing {unknown}
 l - a potion of mutation {unknown}
 n - a potion of lignification {unknown}
 q - 2 potions of flight {unknown}
 r - a potion of berserk rage {unknown}
 s - a potion of degeneration {unknown}


   Skills:
 + Level 0.9 Fighting
 + Level 0.3 Short Blades
 + Level 2.0 Slings
 + Level 1.9 Dodging
 + Level 1.8 Stealth
 * Level 2.2 Spellcasting
 * Level 4.8 Ice Magic


You had 3 spell levels left.
You knew the following spells:

 Your Spells              Type           Power        Failure   Level
a - Freeze                Ice            88%          1%          1
b - Frozen Ramparts       Ice            44%          6%          3

Your spell library contained the following spells:

 Spells                   Type           Power        Failure   Level
 Ozocubu's Armour         Ice            22%          6%          3
 Hailstorm                Conj/Ice       12%          47%         4
 Summon Ice Beast         Ice/Summ       12%          47%         4


Dungeon Overview and Level Annotations

Branches:
Dungeon (3/15)

Annotations:
D:3 Ijyb


Innate Abilities, Weirdness & Mutations

You have an increased reservoir of magic. (+10% MP)


Message History

The wall freezes the gnoll.
The gnoll hits you from afar with a +0 spear.
The wall freezes the gnoll.
You shoot a stone. The stone closely misses the gnoll.
The wall freezes the gnoll.
The gnoll hits you from afar with a +0 spear.
You shoot a stone. The stone hits the gnoll.
The stone freezes the gnoll.
The gnoll is heavily wounded.
The wall freezes the gnoll.
You kill the gnoll!
The wall freezes Ijyb.
The wall freezes the gnoll.
The gnoll hits you but does no damage.
You shoot a stone. The stone hits the gnoll.
The stone freezes the gnoll.
You kill the gnoll!
The wall freezes Ijyb.
Ijyb screams, "You nasty!
Big nasty!"
Ijyb zaps a wand.
The bolt of acid hits you!
* * * LOW HITPOINT WARNING * * *
You are splashed with acid!
You die...

. ############.....## ((
#..................
...######................#
...((....................#
.....)..............#...##
....(.(().............>..#
..........#..###...†.....#
......(...##.###.........#.#
.....(....g)@..............#
...........$........##.#####
.....†...............#.....#
......####.......###.#..##.##
...... #.......# .#.......
..... #.......# #........# ..
..###.### ###......# ...# ..
#......# #......#


You could see Ijyb.

Vanquished Creatures
  8 gnolls (D:3)
  An adder (D:2)
  2 oozes
  3 worms
  A dart slug (D:1)
  A ball python (D:1)
  4 bats
  A giant cockroach (D:1)
  12 hobgoblins
  3 jackals (D:2)
  A quokka (D:2)
  3 frilled lizards
  3 goblins
  6 kobolds
  12 rats
61 creatures vanquished.

Notes
Turn   | Place    | Note
-------+----------+-------------------------------------------
     0 | D:1      | robertstho the Demigod Ice Elementalist began the quest for
                  | the Orb.
     0 | D:1      | Reached XP level 1. HP: 14/14 MP: 5/5
   409 | D:1      | Reached skill level 4 in Ice Magic
   497 | D:1      | Reached XP level 2. HP: 18/20 MP: 7/7
  1639 | D:2      | Reached XP level 3. HP: 26/26 MP: 8/8
  1645 | D:1      | Learned a level 3 spell: Frozen Ramparts
  1885 | D:2      | Reached skill level 1 in Slings
  2800 | D:3      | Reached XP level 4. HP: 34/34 MP: 9/9
  2901 | D:3      | Noticed Ijyb
  2913 | D:3      | Splashed by Ijyb's acid

Illustrated notes

Levels and vault maps discovered:
D:1:      scummos_arrival_simple_fountains, layout_loops_cross
D:2:      layout_loops_cross
D:3:      layout_basic, ashenzari_altar_1, minmay_overflow_temple_hex,
          gammafunk_ghost_cemetery, uniq_robin, uniq_sigmund, uniq_ijyb,
          uniq_natasha

Skill      XL: |  1  2  3  4 |
---------------+-------------+-----
Ice Magic      | 4 |  4.8
Slings         | 1 2 |  2.0
Spellcasting   | 2 |  2.2
Fighting       | |  0.9
Short Blades   | |  0.3
Dodging        | |  1.9
Stealth        | |  1.8

Action                   |  1- 3 |  4- 6 || total
-------------------------+-------+-------++-------
Melee: Unarmed           |    10 |       ||    10
       Dagger            |    23 |       ||    23
 Fire: Hunting sling     |   129 |    30 ||   159
 Cast: Freeze            |    15 |       ||    15
       Frozen Ramparts   |     4 |     2 ||     6
  Use: Scroll            |       |     2 ||     2
 Stab: Sleeping          |     2 |       ||     2
Armor: Robe              |    20 |     3 ||    23
Dodge: Dodged            |    67 |     2 ||    69

Table legend: (Time is in decaauts)
 A = Elapsed time spent in this place.
 B = Non-inter-level travel time spent in this place.
 C = Inter-level travel time spent in this place.
 D = Time resting spent in this place.
 E = Time spent auto-exploring this place.
 F = Levels seen in this place.
 G = Mean time per level.
                   A        B        C        D        E       F      G
               +--------+--------+--------+--------+--------+-----+--------+
         Total |   2936 |   2887 |     49 |     30 |   2431 |   3 |  978.7 |
       Dungeon |   2936 |   2887 |     49 |     30 |   2431 |   3 |  978.7 |
               +--------+--------+--------+--------+--------+-----+--------+

Top non-repeatable levels by time:
     D:1: 1651 daAuts
     D:2: 1155 daAuts
     D:3: 130 daAuts
